 Dungeon Crawl Stone Soup version 0.20.1-1-g8b1a95d (webtiles) character file.

205 dohliylev the Sneak (level 5, 0/35 HPs)
             Began as a Vampire Enchanter on July 11, 2017.
             Succumbed to a hornet's poison
             ... on level 3 of the Dungeon.
             The game lasted 00:13:31 (2377 turns).

dohliylev the Sneak (Vampire Enchanter)             Turns: 2377, Time: 00:13:32

Health: 0/35       AC:  7    Str:  7    XL:     5   Next: 52%
Magic:  1/8        EV: 13    Int: 18    God:
Gold:   87         SH:  0    Dex: 15    Spells: 6/9 levels left

rFire    . . .     SeeInvis +   a - +1 dagger (pain)
rCold    . . .     Gourm    .   (no shield)
rNeg     + . .     Faith    .   b - +0 robe
rPois    .         Spirit   .   s - +0 helmet
rElec    .         Reflect  .   (no cloak)
rCorr    .         Harm     .   f - +0 pair of gloves
MR       .....                  (no boots)
Stlth    +++.......             (no amulet)
Regen    0.2/turn               g - +3 ring of protection
MPRegen  0.2/turn               r - +4 ring of slaying

@: lethally poisoned (0 -> -4)
A: fangs 3, see invisible, unbreathing
a: Bat Form


You were on level 3 of the Dungeon.
You were not thirsty.

You visited 1 branch of the dungeon, and saw 3 of its levels.

You collected 87 gold pieces.

Inventory:

Hand Weapons
 a - a +1 dagger of pain (weapon)
Armour
 b - a +0 robe (worn)
 f - a +0 pair of gloves (worn)
 s - a +0 helmet (worn)
Jewellery
 g - a +3 ring of protection (left hand)
 r - a +4 ring of slaying (right hand)
Wands
 o - a wand of clouds (1/9)
Scrolls
 e - a scroll of random uselessness {unknown}
 i - 3 scrolls of identify {unknown}
 k - 2 scrolls of magic mapping {unknown}
 m - 3 scrolls of teleportation {unknown}
 n - 5 scrolls of remove curse {unknown}
 p - 2 scrolls of enchant weapon {unknown}
 q - a scroll of recharging {unknown}
Potions
 d - 18 potions of blood
 h - a potion of agility {unknown}
 j - 2 potions of invisibility {unknown}
 l - a potion of flight {unknown}
 t - 2 potions of heal wounds {unknown}
 u - a potion of might {unknown}
Books
 c - a book of Maledictions

   Spells                             Type                      Level
   a - Corona                         Hexes                        1
   b - Ensorcelled Hibernation        Hexes/Ice                    2
   c - Confuse                        Hexes                        3
   d - Tukima's Dance                 Hexes                        3
   e - Dazzling Spray                 Conjuration/Hexes            3


   Skills:
 + Level 0.1 Fighting
 * Level 2.5 Short Blades
 + Level 2.9 Dodging
 * Level 6.9 Stealth
 + Level 2.5 Spellcasting
 + Level 5.3 Hexes
 + Level 1.0 Ice Magic


You had 6 spell levels left.
You knew the following spells:

 Your Spells              Type           Power        Failure   Level  Hunger
a - Corona                Hex            ###....      1%          1    #......
b - Ensorcelled Hibernat  Hex/Ice        ##....       7%          2    ##.....


Dungeon Overview and Level Annotations

Branches:
Dungeon (3/15)

Altars:
Fedhas
Uskayaw


Innate Abilities, Weirdness & Mutations

You have razor-sharp teeth.
You have supernaturally acute eyesight. (SInv)
You can survive without breathing.


Message History

Your +0 robe unmelds from your body.
Your +3 ring of protection unmelds from your body.
Your +4 ring of slaying unmelds from your body.
You have a feeling of ineptitude.
* * * LOW HITPOINT WARNING * * *
You feel sick. The hornet misses you.
Casting: Ensorcelled Hibernation
Confirm with . or Enter, or press ? or * to list all spells.
Aiming: Ensorcelled Hibernation
Press: ? - help, Shift-Dir - straight line, f/p - hornet
Aim: a hornet (chance to defeat MR: 35%)
The hornet easily resists.
The hornet barely misses you.
The hornet stings you but does no damage.
Casting: Ensorcelled Hibernation
Confirm with . or Enter, or press ? or * to list all spells.
Aiming: Ensorcelled Hibernation
Press: ? - help, Shift-Dir - straight line, f/p - hornet
Aim: a hornet (chance to defeat MR: 35%)
The hornet easily resists.
You die...

#.# #######.#######
............).####
######..(..........
#####<..#####.##### #######
........#
.#############......
...##...# ..............####.
........##########..........#
#.
.#.###..........@yg...####.##
#. .#.# #.###########.##.#
#.# #. .#.# #.# #.##.# #.# ##
.#.# #.# #.##g# #.# .#.# #.#
#.##.# #.# .#.###.# #.##.##
#.# .......# #.#...# #.######
.##.#### #.#...# #......#
.##.# ##.#...########.#


You could see a hornet and a hobgoblin.

Vanquished Creatures
  4 gnolls (D:2)
  11 adders
  3 worms
  2 leopard geckos
  2 orcs (D:3)
  5 giant cockroaches
  7 goblins
  6 hobgoblins
  5 bats
  5 frilled lizards
  7 kobolds
  7 rats
64 creatures vanquished.

Notes
Turn   | Place    | Note
-------+----------+-------------------------------------------
     0 | D:1      | dohliylev the Vampire Enchanter began the quest for the Orb.
     0 | D:1      | Reached XP level 1. HP: 13/13 MP: 3/3
   101 | D:1      | Reached XP level 2. HP: 15/19 MP: 5/5
   343 | D:1      | Learned a level 2 spell: Ensorcelled Hibernation
   679 | D:2      | Reached skill level 5 in Stealth
   720 | D:2      | Reached XP level 3. HP: 13/24 MP: 0/6
   771 | D:2      | Found a blossoming altar of Fedhas.
   803 | D:2      | Reached skill level 5 in Hexes
  1081 | D:2      | Reached XP level 4. HP: 28/30 MP: 1/7
  1228 | D:2      | Reached skill level 6 in Stealth
  1856 | D:3      | Reached XP level 5. HP: 35/35 MP: 8/8
  2118 | D:3      | Found a hide-covered altar of Uskayaw.
  2243 | D:3      | Reached skill level 1 in Ice Magic
  2356 | D:3      | Noticed a hornet
  2375 | D:3      | HP: 1/35 [poisoned by a hornet]
  2377 | D:3      | Succumbed to a hornet's poison

Skill      XL: |  1  2  3  4  5 |
---------------+----------------+-----
Stealth        | 5 6 |  6.9
Hexes          | 5 |  5.3
Short Blades   | 2 |  2.5
Ice Magic      | 1 |  1.0
Fighting       | |  0.1
Dodging        | |  2.9
Spellcasting   | |  2.5

Action                   |  1- 3 |  4- 6 || total
-------------------------+-------+-------++-------
Melee: Dagger            |   138 |    68 ||   206
       Bite              |     3 |     4 ||     7
 Cast: Ensorcelled Hiber |    12 |    22 ||    34
       Corona            |     3 |     1 ||     4
 Abil: End Transformatio |       |     1 ||     1
       Bat Form          |       |     1 ||     1
 Stab: Sleeping          |     9 |    19 ||    28
       Distracted        |       |     1 ||     1
  Eat: Corpse            |     7 |     3 ||    10
Armor: Robe              |    51 |    13 ||    64
Dodge: Dodged            |   115 |    47 ||   162
